AoeStats
← The Quest

Arena

508527147Analyzed
1v1 RM · 11d ago on Sep 22, 2026· 33m 37s· 2 players
Game mode
Random Map
Map size
Tiny (2 player)
Population
200
Speed
Normal
Resources
Standard
Victory
Conquest
Starting age
Dark Age
Ending age
Imperial Age
RankedLock teamsTeams togetherTeam positionsShared explorationLock speedFull tech treeHidden civsTurbo modeCheats
Victory
Defeat
🇺🇸 Franks · United States
1041
+15
🇦🇷 Persians · Argentina
1020
-15
ARES
9:50 Feudal Age
14:14 Castle Age
12:35 Double-Bit Axe
13:36 Horse Collar
15:50 Bow Saw
21:58 Loom
24:49 Wheelbarrow
28:36 Hand Cart
28:06 Town Watch
32:59 Imperial Age
30:37 Murder Holes
32:45 Town Patrol
33:02 Husbandry
33:13 Bloodlines
The Quest
11:00 Feudal Age
15:49 Castle Age
14:05 Double-Bit Axe
15:28 Loom
19:12 Fletching
19:24 Scale Mail Armor
19:34 Forging
22:39 Gold Mining
25:32 Chain Mail Armor
29:35 Iron Casting
28:58 Bodkin Arrow
Connection lost

Rejoining the realm…

Still unreachable

The connection could not be restored.

Session expired

The server has moved on; the page needs a fresh start.